 Dungeon Crawl Stone Soup version 0.29-a0-542-g075992c915 (webtiles) character file.

Game seed: 16664255846767236992

214 xSliceyx the Magician (level 6, 40/40 HPs)
             Began as a Djinni Hedge Wizard on June 4, 2022.
             Quit the game on level 4 of the Dungeon.
             The game lasted 00:09:56 (4702 turns).

xSliceyx the Magician (Djinni Hedge Wizard)         Turns: 4702, Time: 00:09:57

Health: 40/40      AC:  3    Str:  9    XL:     6   Next: 15%
Gold:   226        EV: 12    Int: 18    God:
                   SH:  0    Dex: 12

rFire   + + .      SeeInvis .   j - +3 short sword (speed)
rCold   x . .      Faith    .   (no shield)
rNeg    . . .      Spirit   .   b - +0 robe
rPois   ∞          Reflect  .   c - +0 hat
rElec   .          Harm     .   n - +0 cloak
rCorr   .          Rampage  .   (no gloves)
Will    .....                   (boots unavailable)
Stlth   ++........              (no amulet)
HPRegen 0.13/turn               (no ring)
MPRegen 0.00/turn               (no ring)

@: flying
A: sickness immunity, fire resistance 2, cold vulnerability 1, float, innate
caster, HP casting, extra vitality 1
a: no special abilities


You were on level 4 of the Dungeon.
You visited 1 branch of the dungeon, and saw 4 of its levels.

You collected 226 gold pieces.

Inventory:

Hand Weapons
 a - a +0 dagger
 j - a +3 short sword of speed (weapon)
Missiles
 m - 3 poisoned darts
Armour
 b - a +0 robe (worn)
 c - a +0 hat (worn)
 d - a +0 buckler
 n - a +0 cloak (worn)
Jewellery
 g - a +4 ring of protection
Wands
 t - a wand of iceblast (8)
Scrolls
 e - 4 scrolls of brand weapon
 i - 2 scrolls of fear
 k - 3 scrolls of magic mapping
 l - a scroll of enchant weapon
 s - 2 scrolls of amnesia
 v - a scroll of identify
 w - a scroll of noise {unknown}
Potions
 f - 2 potions of heal wounds
 h - 3 potions of attraction {unknown}
 o - a potion of brilliance {unknown}
 p - a potion of ambrosia {unknown}
 q - a potion of flight {unknown}
 r - 2 potions of might {unknown}
 u - a potion of invisibility {unknown}


   Skills:
 - Level 2.1 Dodging
 - Level 1.5 Stealth
 + Level 4.9 Spellcasting


You couldn't memorise any spells.
You knew the following spells:

 Your Spells              Type           Power      Damage    Failure   Level
a - Magic Dart            Conj           88%        1d7       1%          1
b - Blink                 Tloc           44%        N/A       2%          2
c - Call Imp              Summ           22%        N/A       2%          2
d - Slow                  Hex            88%        N/A       1%          1
e - Conjure Flame         Conj/Fire      22%        6-21      5%          3
f - Mephitic Cloud        Conj/Pois/Air  22%        N/A       5%          3
g - Beastly Appendage     Tmut           44%        N/A       1%          1
h - Wereblood             Tmut           22%        N/A       2%          2
Your spell library was empty.

Dungeon Overview and Level Annotations

Branches:
Dungeon (4/15)
 Temple: D:4-7

Altars:


Innate Abilities, Weirdness & Mutations

You are immune to sickness and miasma.
You are immune to poison.
Your flesh is very heat resistant. (rF++)
You are vulnerable to cold. (rC-)
You float through the air rather than walking.
You learn spells naturally, not from books.
Your magical power is your life essence.
You have superior vitality. (+4 MHP)


Message History

Casting: Magic Dart (safe; 1% risk of failure)
Confirm with . or Enter, or press ? or * to list all spells.
Aiming: Magic Dart (safe; 1% risk of failure)
Press: ? - help, Shift-Dir - straight line, f - goblin
Aim: a goblin, wielding a +0 dagger (wandering, hasn't noticed you, 100% to hit)
The magic dart hits the goblin.
You kill the goblin!
Something hits the bush but does no damage.
Something hits the bush but does no damage.
Found a +0 dagger.
Found a dagger.
h - 3 amethyst potions (gained 1)
You now have 206 gold pieces (gained 15).
Found a leather armour.
Found a stone staircase leading up.
You see here a +0 leather armour.
There is a stone staircase leading up here.
Found a stone staircase leading down.
A hobgoblin comes into view. It is wielding a +0 mace.
The magic dart hits the hobgoblin.
The hobgoblin is severely wounded.
A hobgoblin is nearby!
The magic dart hits the hobgoblin.
You kill the hobgoblin!
A dart slug comes into view.
The magic dart hits the dart slug!
The dart slug is severely wounded.
The magic dart hits the dart slug.
You kill the dart slug!
Found a book of the Hunter.
v - a scroll of identify You now have 226 gold pieces (gained 20).
Things that are here:
a +0 mace; a hobgoblin corpse
w - a scroll labelled PAUGUGOXAAS You see here a +0 dagger.
s - 2 scrolls of amnesia (gained 1)
Found a stone staircase leading down.
Found a dagger.
Are you sure you want to abandon this character and quit the game? (Confirm with "yes".)

#......#..# #..........#..
..#....).## #..........#.#
.#.>..)########..........#.#
......................>....#
PPPPPPP.P######............#
..P|.)P.P... #..........#.#


PPP)PPP)P...# #####...###..# ..).)...P.).# ###..### #.##
P!P.PPPPP....###@...#####.# ..P.....P..).....#.##.....# P
PPP.PPP...##..#..#..##### .........#..## PPP. ........##.## P... ...........#
.PP )##........## # ..# #.........### #. #.# ###..##.:...### There were no
monsters in sight!

Vanquished Creatures
  A jelly (D:4)
  An orc priest (D:3)
  Robin (D:4)
  A gnoll (D:1)
  3 adders
  3 shadow imps (D:3)
  A worm (D:2)
  2 dart slugs
  5 orcs (D:3)
  5 bats
  7 endoplasms
  2 giant cockroaches
  17 goblins
  3 hobgoblins
  3 jackals (D:3)
  5 kobolds
  3 quokkas
  6 ball pythons
  2 frilled lizards
  4 rats
75 creatures vanquished.

Vanquished Creatures (others)
  A plant (D:1)
1 creature vanquished.

Grand Total: 76 creatures vanquished

Notes
Turn   | Place    | Note
-------+----------+-------------------------------------------
     0 | D:1      | xSliceyx the Djinni Hedge Wizard began the quest for the
                  | Orb.
     0 | D:1      | Reached XP level 1. HP: 15/15 MP: 0/0
    88 | D:1      | Noticed an eye of devastation
    92 | D:1      | Noticed a shining eye
    94 | D:1      | Found a faded altar of an unknown god.
    96 | D:1      | Noticed a golden eye
    96 | D:1      | Noticed a great orb of eyes
   207 | D:1      | Reached XP level 2. HP: 11/21 MP: 0/0
   573 | D:1      | Reached skill level 3 in Spellcasting
   932 | D:1      | Reached XP level 3. HP: 17/25 MP: 0/0
   932 | D:1      | Learned a level 1 spell: Beastly Appendage
  2018 | D:2      | Reached XP level 4. HP: 28/31 MP: 0/0
  2845 | D:3      | Found a transporter.
  2874 | D:3      | Reached skill level 4 in Spellcasting
  3009 | D:3      | Found a transporter.
  3040 | D:3      | Reached XP level 5. HP: 23/35 MP: 0/0
  3040 | D:3      | Learned a level 2 spell: Wereblood
  4079 | D:4      | Noticed Robin
  4344 | D:4      | Reached XP level 6. HP: 39/40 MP: 0/0
  4359 | D:4      | Killed Robin
  4702 | D:4      | Quit the game

Illustrated notes

Levels and vault maps discovered:
D:1:      saegor_arrival_simple_d, layout_basic,
          hellmonk_ecumenical_altar_watching_god, serial_forest,
          infiniplex_forest_clump_diagonal, infiniplex_forest_lined_1,
          infiniplex_forest_diagonal, infiniplex_forest_clump_small,
          infiniplex_forest_straight_3, infiniplex_forest_lined_3,
          infiniplex_forest_lined_corner
D:2:      layout_rooms
D:3:      gammafunk_wand_slinger, layout_basic, chequers_serial_rivers_micro_b
D:4:      layout_rooms, minivault_14, minmay_hedge_maze, minmay_checkerbox,
          uniq_robin

Skill      XL: |  1  2  3  4 |
---------------+-------------+-----
Spellcasting   | 3 4 |  4.9
Dodging        | |  2.1
Stealth        | |  1.5

Action                   |  1- 3 |  4- 6 || total
-------------------------+-------+-------++-------
Melee: Short sword       |     8 |    19 ||    27
       Headbutt          |       |     1 ||     1
 Cast: Magic Dart        |    84 |    94 ||   178
       Call Imp          |     1 |     4 ||     5
       Beastly Appendage |       |     3 ||     3
       Conjure Flame     |       |     4 ||     4
       Blink             |       |     1 ||     1
       Mephitic Cloud    |       |     1 ||     1
  Use: Scroll            |       |     6 ||     6
Armor: Robe              |     1 |     1 ||     2
Dodge: Dodged            |    21 |    11 ||    32

Table legend: (Time is in decaauts)
 A = Elapsed time spent in this place.
 B = Non-inter-level travel time spent in this place.
 C = Inter-level travel time spent in this place.
 D = Time resting spent in this place.
 E = Time spent auto-exploring this place.
 F = Levels seen in this place.
 G = Mean time per level.
                   A        B        C        D        E       F      G
               +--------+--------+--------+--------+--------+-----+--------+
         Total |   4694 |   4522 |    172 |   1165 |   2869 |   4 | 1173.5 |
       Dungeon |   4694 |   4522 |    172 |   1165 |   2869 |   4 | 1173.5 |
               +--------+--------+--------+--------+--------+-----+--------+

Top non-repeatable levels by time:
     D:3: 1851 daAuts
     D:1: 1582 daAuts
     D:2: 797 daAuts
     D:4: 463 daAuts
